Map: Tourmaline LE

Players

PrinceAbubu

  • Race: Zerg Zerg
  • League: Diamond
  • Spawn Location: 1:00

AceVenturaPD - Winner!

  • Race: Terran Terran
  • League: Master
  • Spawn Location: 7:00

VOD

Have the link to the VOD?

Description

Threw this one out the window

Time

  • Played on: Nov. 26, 2025, 10:05 p.m.
  • Length: 24:32
Show
View Real Time Build Order
Export as new Build Order

PrinceAbubu Zerg 

Build Orders: Hatch First, Brood Lord Corruptor 

Get SALT Encoding   

  12  0:00  Drone  
  13  0:08  Drone  
  14  0:15  Extractor, Drone  
  15  0:22  Overlord  
  15  0:41  Drone  
  16  0:47  Hatchery  
  16  0:49  Drone  
  16  0:52  Drone  
  16  0:57  Drone  
  18  1:06  Extractor  
  17  1:12  Spawning Pool  
  17  1:14  Drone  
  17  1:17  Drone  
  18  1:27  Drone  
  19  1:38  Drone  
  20  1:49  Drone  
  21  1:59  Queen x2  
  21  2:00  Zergling x4  
  27  2:10  Overlord, Drone  
  27  2:11  Metabolic Boost  
  28  2:31  Drone x4  
  28  2:35  Queen  
  34  2:44  Overlord  
  34  2:46  Queen  
  36  3:08  Drone x8  
  44  3:13  Overlord x2  
  44  3:20  Lair  
  44  3:40  Queen  
  46  3:48  Extractor  
  46  3:49  Extractor  
  46  3:50  Extractor  
  46  3:51  Drone  
  46  3:52  Drone x3  
  46  3:53  Drone  
  46  3:54  Hatchery, Drone x2  
  49  3:55  Drone  
  49  3:56  Drone  
  49  3:57  Drone  
  49  4:00  Drone  
  49  4:01  Drone  
  54  4:10  Drone x2  
  54  4:16  Zergling x2  
  57  4:19  Queen  
  57  4:24  Zergling x4  
  60  4:25  Overlord x2  
  60  4:32  Spire  
  59  4:40  Zergling x2  
  60  4:46  Overlord x2  
  60  4:57  Overlord x2  
  60  4:58  Zergling x2  
  60  4:59  Zergling x10  
  66  5:23  Overlord  
  66  5:28  Overseer x2  
  60  5:45  Mutalisk x8  
  72  6:03  Queen  
  74  6:05  Queen  
  76  6:16  Drone x4  
  76  6:18  Drone x3  
  83  6:22  Overseer  
  83  6:23  Drone  
  83  6:24  Drone x3  
  79  7:06  Drone  
  79  7:07  Drone x12  
  92  7:10  Spore Crawler  
  89  7:22  Drone x4  
  93  7:24  Extractor  
  93  7:26  Extractor  
  93  7:28  Spore Crawler  
  86  7:40  Drone x8  
  94  7:49  Spore Crawler  
  93  7:57  Baneling Nest  
  92  7:59  Drone  
  92  8:00  Evolution Chamber x2, Drone x4  
  95  8:18  Hatchery  
  95  8:19  Corruptor x9  
  112  8:25  Overseer  
  112  8:29  Zerg Melee Weapons Level 1  
  112  8:30  Zerg Ground Armor Level 1  
  112  8:35  Infestation Pit, Zerg Flyer Weapons Level 1  
  111  8:47  Corruptor x3  
  117  8:57  Hatchery  
  117  8:59  Pneumatized Carapace  
  116  9:21  Drone x5  
  116  9:22  Hatchery  
  116  9:23  Overlord  
  116  9:24  Overlord x3  
  120  9:42  Hive  
  120  9:44  Spire  
  119  9:59  Centrifugal Hooks  
  119  10:00  Extractor  
  119  10:05  Extractor  
  117  10:17  Drone x3  
  117  10:18  Drone  
  117  10:19  Drone x2  
  117  10:20  Drone x6  
  117  10:21  Drone x9  
  138  10:29  Zerg Flyer Weapons Level 2  
  138  10:37  Drone  
  138  10:38  Spine Crawler, Drone x3  
  138  10:39  Spine Crawler  
  138  10:41  Spine Crawler  
  139  10:51  Spine Crawler  
  139  10:52  Spine Crawler  
  139  10:54  Spore Crawler  
  136  10:57  Greater Spire  
  136  11:01  Zerg Melee Weapons Level 2, Zerg Ground Armor Level 2  
  136  11:06  Overlord x4  
  136  11:07  Overlord x4  
  136  11:08  Corruptor x8  
  152  11:30  Extractor  
  152  11:31  Extractor, Drone x3  
  153  11:33  Drone x3  
  153  11:38  Spine Crawler  
  153  11:39  Spine Crawler  
  154  11:41  Spine Crawler  
  153  12:05  Hatchery  
  152  12:14  Zerg Flyer Armor Level 1  
  152  12:19  Hatchery  
  152  12:21  Brood Lord x6  
  152  12:22  Brood Lord x8  
  179  12:26  Hatchery, Adrenal Glands  
  175  13:02  Zergling x48  
  199  13:09  Corruptor  
  197  13:36  Corruptor x2  
  191  13:47  Zergling x2  
  191  13:48  Zergling x32  
  155  13:56  Zergling x10  
  155  13:57  Zergling x48  
  138  14:17  Corruptor  
  138  14:18  Corruptor x6  
  132  14:27  Zergling x20  
  127  14:42  Corruptor  
  127  14:43  Corruptor x4  
  125  15:18  Viper  
  125  15:19  Viper x4  
  125  15:20  Viper  
  143  15:24  Corruptor x7  
  143  15:25  Corruptor  
  159  15:29  Zerg Flyer Armor Level 2  
  159  15:39  Zerg Melee Weapons Level 3  
  159  15:40  Zerg Ground Armor Level 3  
  159  16:09  Zergling x52  
  159  16:10  Zergling x6  
  188  16:13  Baneling x5  
  188  16:14  Baneling x2  
  188  16:15  Baneling x2  
  188  16:16  Baneling x2  
  188  16:17  Baneling  
  180  16:52  Corruptor x10  
  200  16:56  Baneling  
  200  16:57  Baneling x4  
  200  16:58  Baneling  
  176  17:23  Brood Lord  
  176  17:24  Brood Lord x5  
  138  18:07  Zergling x12  
  138  18:08  Zergling x36  
  144  18:21  Brood Lord  
  144  18:22  Brood Lord x2  
  147  18:37  Hatchery  
  144  19:03  Mutalisk x5  
  156  19:12  Brood Lord  
  135  19:44  Zergling x26  
  138  19:56  Drone x3  
  127  20:22  Zergling x16  
  116  20:43  Drone x11  
  107  21:12  Overlord  
  107  21:31  Baneling x10  
  107  21:33  Zergling x14  
  114  21:56  Extractor  
  114  21:57  Extractor  
  112  22:24  Brood Lord x10  
  132  22:49  Viper x3  
  132  22:50  Viper x3  
  150  22:57  Hatchery  
  129  23:13  Zergling x30  
  129  23:15  Zergling x2  
  144  23:34  Baneling x14  
  144  23:59  Zergling x2  
  144  24:00  Zergling x14  
  144  24:02  Zergling x2  
Show
View Real Time Build Order
Export as new Build Order

AceVenturaPD Terran - Winner!

Build Orders: Hellion Banshee 

Get SALT Encoding   

  12  0:00  SCV  
  13  0:13  SCV  
  14  0:17  Supply Depot  
  14  0:25  SCV  
  15  0:29  Refinery  
  15  0:38  SCV  
  16  0:45  Barracks  
  16  0:50  SCV  
  17  1:03  SCV  
  18  1:15  SCV  
  19  1:31  Orbital Command  
  19  1:43  Command Center  
  19  1:54  Barracks Reactor  
  19  1:58  Factory  
  19  2:00  SCV  
  20  2:08  Supply Depot  
  20  2:15  SCV, Refinery  
  21  2:27  SCV  
  22  2:39  SCV  
  22  2:44  Barracks Tech Lab  
  23  2:49  Hellion x2  
  27  2:51  Starport  
  27  2:53  SCV  
  27  2:57  Orbital Command  
  28  3:10  SCV  
  29  3:14  Hellion x2  
  29  3:16  Barracks Tech Lab  
  33  3:22  Starport  
  33  3:25  SCV x2  
  35  3:37  SCV  
  35  3:39  Hellion x2  
  40  3:43  Banshee  
  40  3:46  Cloaking Field, Hyperflight Rotors  
  43  3:51  SCV  
  44  3:57  SCV  
  45  4:03  SCV  
  46  4:12  Supply Depot  
  46  4:13  Supply Depot  
  46  4:34  SCV x2, Banshee  
  49  4:46  SCV x2  
  49  4:50  Command Center  
  49  4:52  Supply Depot  
  51  4:53  Refinery  
  51  4:54  Refinery  
  51  4:55  Banshee  
  51  4:58  SCV x2  
  56  5:10  SCV x2  
  58  5:18  Banshee  
  61  5:29  Engineering Bay  
  61  5:33  Factory x2  
  58  5:55  Hellion x2, Banshee  
  55  5:58  Missile Turret  
  55  6:00  Missile Turret  
  55  6:01  Missile Turret x3  
  55  6:02  Missile Turret  
  55  6:03  Missile Turret  
  55  6:04  Missile Turret  
  55  6:14  Hi-Sec Auto Tracking  
  55  6:15  SCV  
  55  6:17  Missile Turret  
  56  6:18  Missile Turret  
  56  6:25  Factory Tech Lab  
  56  6:26  Factory Tech Lab  
  56  6:30  Armory  
  56  6:33  Missile Turret  
  56  6:36  Hellion  
  55  7:09  Hellion x2  
  55  7:14  SCV x2  
  61  7:21  Thor x2  
  73  7:29  Missile Turret  
  72  7:39  Orbital Command  
  72  7:40  SCV x2  
  72  7:43  Hellion x2  
  78  7:54  SCV x2  
  80  8:01  Infernal Pre-Igniter  
  80  8:06  SCV x2  
  82  8:13  Smart Servos  
  82  8:14  Terran Vehicle Weapons Level 1  
  82  8:17  SCV, Armory  
  82  8:18  SCV x2  
  85  8:21  Missile Turret  
  85  8:22  Missile Turret  
  85  8:24  Refinery  
  85  8:26  Refinery  
  85  8:40  Supply Depot  
  85  8:42  Supply Depot  
  85  8:43  Supply Depot x2  
  85  8:44  Starport Reactor  
  85  9:01  SCV x2, Thor  
  93  9:04  Hellion, Thor  
  93  9:05  Hellion, SCV, Factory  
  93  9:06  Terran Ship Weapons Level 1  
  93  9:07  Fusion Core  
  93  9:09  Factory  
  104  9:11  Liberator  
  104  9:14  SCV  
  104  9:15  SCV  
  106  9:17  SCV  
  107  9:26  SCV  
  107  9:27  SCV  
  107  9:29  SCV  
  110  9:38  Supply Depot x3  
  110  9:42  Liberator x2  
  116  9:54  SCV  
  116  9:59  SCV, Thor  
  128  10:00  Hellion x2  
  128  10:06  SCV x2  
  130  10:08  Command Center  
  130  10:10  Command Center  
  130  10:11  SCV  
  131  10:16  Advanced Ballistics  
  131  10:20  Factory Tech Lab, Factory Reactor  
  131  10:22  Liberator  
  131  10:23  Thor  
  140  10:34  Neosteel Armor  
  140  10:42  Missile Turret  
  140  10:56  Command Center  
  140  10:58  Missile Turret  
  140  11:00  Terran Vehicle Weapons Level 2, Supply Depot  
  140  11:01  Hellion, Thor  
  140  11:03  Terran Vehicle And Ship Armor Level 1  
  148  11:07  Supply Depot  
  148  11:11  Supply Depot  
  148  11:19  Orbital Command, Missile Turret, Thor  
  148  11:22  Planetary Fortress  
  154  11:26  Missile Turret  
  154  11:29  Supply Depot, Missile Turret  
  154  11:42  Thor  
  154  11:43  Hellion  
  154  11:44  Hellion x3  
  154  11:45  Liberator  
  171  11:47  Liberator  
  174  12:00  Engineering Bay  
  174  12:03  Engineering Bay  
  174  12:05  Refinery  
  174  12:06  Refinery  
  174  12:11  Command Center  
  174  12:13  Factory  
  174  12:19  Starport  
  174  12:21  Planetary Fortress  
  174  12:22  Missile Turret  
  174  12:26  Missile Turret  
  174  12:30  Missile Turret  
  174  12:45  Raven  
  174  12:46  Thor x2  
  174  12:47  Thor  
  187  13:18  Missile Turret  
  143  13:58  Thor  
  143  13:59  Thor x2  
  143  14:00  Hellion x2  
  150  14:06  Hellion x2  
  149  14:22  Hellion  
  149  14:23  Hellion  
  96  14:41  Thor  
  100  14:54  Thor x2  
  100  14:55  Hellion x4  
  100  14:56  Liberator x2  
  100  14:57  Raven  
  128  15:01  Orbital Command  
  128  15:05  Command Center  
  128  15:06  Thor  
  134  15:18  Refinery  
  134  15:23  Engineering Bay  
  134  15:25  Refinery  
  134  15:29  Supply Depot  
  134  15:32  Hellion x4  
  134  15:34  Liberator  
  134  15:35  Thor  
  151  16:30  Thor x2  
  151  16:31  Thor x2  
  151  16:32  Hellion x4  
  183  16:33  Liberator x3  
  178  16:59  Hellion x2  
  178  17:00  Hellion x2  
  119  17:44  Terran Vehicle And Ship Armor Level 2, Terran Vehicle Weapons Level 3  
  111  17:57  Thor x3  
  111  17:58  Thor  
  129  17:59  Hellion x4  
  125  18:19  Liberator  
  125  18:20  Liberator x2  
  110  18:40  Orbital Command, Thor  
  116  18:42  Thor  
  116  18:47  Command Center  
  122  18:49  Command Center  
  117  19:11  Hellion x4  
  117  19:18  Thor  
  117  19:19  Thor  
  117  19:20  Hellion x4  
  117  19:23  Thor  
  96  19:49  Thor  
  96  19:50  Hellion x3  
  96  19:51  Hellion, Viking  
  96  19:52  Viking x2  
  108  20:36  Thor x3  
  108  20:37  Hellion  
  108  20:38  Hellion x3  
  134  20:49  Viking x2  
  138  20:50  Viking  
  140  21:03  Command Center  
  140  21:05  Command Center, Hellion x8  
  144  21:11  Hellion x3  
  144  21:12  Hellion  
  144  21:17  Terran Ship Weapons Level 2, Terran Vehicle And Ship Armor Level 3  
  146  22:20  Planetary Fortress  
  146  22:21  Planetary Fortress  
  146  22:22  Missile Turret  
  146  22:25  Missile Turret  
  146  22:35  Thor x4  
  146  22:36  Hellion x2  
  146  22:37  Hellion x2, Viking x3  
  184  22:50  Missile Turret  
  184  22:52  Missile Turret  
  184  22:56  Refinery  
  184  23:00  Refinery  
  184  23:19  Hellion x7  
  184  23:21  Thor x2  
Tags
 
Add a new tag
Caveats
  • Supply blocks, unpowered buildings, or Contaminate may cause inaccurate times.
  • Supply counts are checked every 10 seconds.